 Dungeon Crawl Stone Soup version 0.31-a0-187-gba352fbbf7 (webtiles) character file.

Game seed: 8680222053103330377

207 qw the Skirmisher (level 5, -2/29 HPs)
             Began as a Deep Elf Hunter on June 22, 2023.
             Slain by a sky beast (4 damage)
             ... on level 3 of the Dungeon.
             The game lasted 00:00:50 (2541 turns).

qw the Skirmisher (Deep Elf Hunter)                 Turns: 2541, Time: 00:00:51

Health: -2/29      AC:  6    Str: 10    XL:     5   Next: 54%
Magic:  7/7        EV: 12    Int: 14    God:
Gold:   96         SH:  0    Dex: 24    Spells: 4/4 levels left

rFire   . . .        Y - +2 shortbow
rCold   . . .        (shield currently unavailable)
rNeg    . . .        f - +0 ring mail
rPois   +            m - +0 helmet
rElec   .            (no cloak)
rCorr   .            (no gloves)
SInv    .            (no boots)
Will    .....        (no amulet)
Stlth   ++           g - +6 ring of dexterity
HPRegen 0.24/turn    a - ring of poison resistance
MPRegen 0.10/turn

%: no passive effects
@: no status effects
A: no striking features
a: no special abilities


You were on level 3 of the Dungeon.
You visited 1 branch of the dungeon, and saw 4 of its levels.

You collected 138 gold pieces.
You spent 42 gold pieces at shops.


   Skills:
 - Level 1.5 Fighting
 + Level 8.8 Ranged Weapons
 - Level 3.1 Dodging
 - Level 1.2 Stealth


You had 4 spell levels left.
You didn't know any spells.
Your spell library was empty.

Inventory:

Hand Weapons
 Y - a +2 shortbow (weapon)
Armour
 f - a +0 ring mail (worn)
 m - a +0 helmet (worn)
Jewellery
 a - a ring of poison resistance (right hand)
 c - a ring of ice
 g - a +6 ring of dexterity (left hand)
Scrolls
 d - a scroll of identify
Potions
 b - a potion of haste {unknown}
 e - a potion of cancellation
 h - a potion of resistance {unknown}
 i - a potion of brilliance {unknown}
 j - a potion of lignification {unknown}
 k - a potion of might {unknown}
 l - a potion of curing

Dungeon Overview and Level Annotations

Branches:
Dungeon (4/15)
 Temple: D:4-7

Altars:

Shops:
D:2 !


Message History

The sky beast hits you. The sky beast shocks you.
2528 ||| STAIRDANCE The sky beast hits you.
The sky beast shocks you.
You climb upwards.
There is a stone staircase leading down here.
You shoot an arrow. The arrow hits the sky beast.
The sky beast is lightly wounded.
The sky beast barely misses you.
You shoot an arrow. The arrow hits the sky beast.
The sky beast is moderately wounded.
The sky beast hits you. The sky beast shocks you.
You shoot an arrow. The arrow barely misses the sky beast.
The sky beast hits you but does no damage.
You shoot an arrow. The arrow closely misses the sky beast.
The sky beast hits you but does no damage.
The sky beast misses you.
You shoot an arrow. The arrow hits the sky beast.
The sky beast is heavily wounded.
The sky beast misses you.
You shoot an arrow. The arrow closely misses the sky beast.
The sky beast barely misses you.
You shoot an arrow. The arrow hits the sky beast.
The sky beast is severely wounded.
The sky beast hits you. The sky beast shocks you.
You shoot an arrow.
The arrow completely misses the sky beast.
The sky beast closely misses you.
You shoot an arrow.
The arrow hits the sky beast but does no damage.
The sky beast is severely wounded.
The sky beast flickers out of sight!
Deactivating autopickup; reactivate with Ctrl-A.
Something completely misses you.
You shoot an arrow. Something hits you but does no damage.
You shoot an arrow. Something hits you but does no damage.
You shoot an arrow. Something hits you.
You die...

############
#@{<.......#
#.########.#
#### #.# #.#
##... #.#
#.###..#. #.#
#.##.#.#. #.#
#####.#.###..
#.# ##......##
##. #.#
#........###..
#.#
#..###.##.#.#.


There were no monsters in sight!

Vanquished Creatures
  A black bear (D:3)
  An orc wizard (D:3)
  2 adders
  A worm (D:2)
  2 dart slugs (D:2)
  5 orcs (D:3)
  2 endoplasms
  3 giant cockroaches (D:1)
  A goblin (D:2)
  9 hobgoblins
  4 jackals (D:3)
  7 kobolds
  3 quokkas
  3 bats
  8 frilled lizards
  11 rats
63 creatures vanquished.

Notes
Turn   | Place    | Note
-------+----------+-------------------------------------------
     0 | D:1      | qw the Deep Elf Hunter began the quest for the Orb.
     0 | D:1      | Reached XP level 1. HP: 12/12 MP: 3/3
     0 | D:1      | 0 ||| qw: Version: 0.3-a-9-g12657ce
     0 | D:1      | 0 ||| qw: Game counter: 2456
     0 | D:1      | 0 ||| qw: Always use a shield: true
     0 | D:1      | 0 ||| qw: God list: Okawaru
     0 | D:1      | 0 ||| qw: Allow faded altars: false
     0 | D:1      | 0 ||| qw: Do Orc after D:15 true
     0 | D:1      | 0 ||| qw: Do second Lair branch before Depths: true
     0 | D:1      | 0 ||| qw: Lair rune preference: random
     0 | D:1      | 0 ||| qw: Plans: Normal
     0 | D:1      | 0 ||| PLANNING D:1-11
   188 | D:1      | Reached XP level 2. HP: 16/16 MP: 4/4
   286 | D:1      | Reached skill level 6 in Ranged Weapons
   701 | D:1      | HP: 1/16 [hobgoblin (4)]
   992 | D:1      | 992 ||| UPGRADING to +6 ring of dexterity.
   993 | D:1      | 993 ||| READING scroll labelled HENETO WUMI.
   994 | D:1      | 994 ||| READING scroll labelled CEESTR LAECO.
   995 | D:1      | 995 ||| READING scroll labelled ASOASI BUGIU.
   996 | D:1      | 996 ||| DROPPING scroll of butterflies.
  1143 | D:2      | Reached XP level 3. HP: 20/20 MP: 5/5
  1328 | D:2      | Reached skill level 7 in Ranged Weapons
  1402 | D:2      | Found Hyom's Distillery.
  1452 | D:2      | 1452 ||| BUYING potion of curing (42 gold).
  1452 | D:2      | Bought a potion of curing for 42 gold pieces
  1452 | D:2      | 1452 ||| SHOPLISTING potion of enlightenment (70 gold, have
                  | 19).
  1452 | D:2      | 1452 ||| SHOPLISTING potion of heal wounds (70 gold, have
                  | 19).
  1452 | D:2      | 1452 ||| SHOPLISTING potion of mutation (112 gold, have
                  | 19).
  1715 | D:2      | Reached skill level 3 in Dodging
  1733 | D:2      | 1733 ||| UPGRADING to +0 ring mail.
  1743 | D:2      | 1743 ||| DROPPING +0 leather armour.
  1744 | D:2      | 1744 ||| UPGRADING to ring of poison resistance.
  1745 | D:2      | 1745 ||| READING scroll labelled FEHYIC LUTISIN.
  1746 | D:2      | 1746 ||| READING scroll labelled PEZANY YCROPHIA.
  1747 | D:2      | 1747 ||| READING scroll labelled BARU DEODD.
  1900 | D:3      | Reached XP level 4. HP: 25/25 MP: 6/6
  2126 | D:3      | Noticed a black bear
  2140 | D:3      | Killed a black bear
  2141 | D:3      | Reached skill level 8 in Ranged Weapons
  2141 | D:3      | Reached XP level 5. HP: 15/29 MP: 7/7
  2224 | D:3      | 2224 ||| READING scroll of enchant weapon.
  2224 | D:3      | 2224 ||| ENCHANTING +1 shortbow.
  2242 | D:3      | Found a faded altar of an unknown god.
  2497 | D:3      | 2497 ||| UPGRADING to +0 helmet.
  2502 | D:3      | 2502 ||| READING scroll labelled UKHLUU ISHA JAG.
  2507 | D:3      | 2507 ||| DRINKING 2 golden potions.
  2525 | D:4      | Noticed a sky beast
  2528 | D:4      | 2528 ||| STAIRDANCE
  2531 | D:3      | HP: 7/29 [sky beast (5)]
  2536 | D:3      | HP: 7/29 [sky beast (1)]
  2536 | D:3      | HP: 1/29 [sky beast (6)]
  2541 | D:3      | Slain by a sky beast

Levels and vault maps discovered:
D:1:      shiori_arrival_oz, layout_loops_corners, serial_glass,
          glass_columns_a, glass_columns_a
D:2:      layout_loops_ring, serial_shops, nicolae_shop_tiny_glass
D:3:      layout_loops_ring, shapermc_ecumenical_altar_mp_highgroup
D:4:      layout_gridville, st_stairs_12, dk_noncrumbling_3,
          chequers_serial_rivers_small_3, minmay_misc_feat_pillars, uniq_robin

Skill      XL: |  1  2  3  4 |
---------------+-------------+-----
Ranged Weapons | 6 7 8 |  8.8
Dodging        | 3 |  3.1
Fighting       | |  1.5
Stealth        | |  1.2

Action                     |  1- 3 |  4- 6 || total
---------------------------+-------+-------++-------
   Fire: Shortbow          |   117 |    56 ||   173
    Use: Scroll            |     6 |     2 ||     8
         Potion            |       |     1 ||     1
 Armour: Leather armour    |     1 |       ||     1
         Ring mail         |     3 |    11 ||    14
  Dodge: Dodged            |    20 |    22 ||    42

Table legend:
 A = Non-vault XP
 B = Vault XP
 C = Vault XP percentage of total XP
 D = Non-vault monster count
 E = Vault monster count
 F = Vault count percentage of total count
                 A         B        C        D         E       F
            +---------+---------+-------+---------+---------+-------
      Total |     292 |       4 |   1.4 |      61 |       2 |   3.2
            +---------+---------+-------+---------+---------+-------
        D:1 |      32 |       4 |  11.1 |      20 |       2 |   9.1
        D:2 |      51 |       0 |   0.0 |      21 |       0 |   0.0
        D:3 |     209 |       0 |   0.0 |      20 |       0 |   0.0
            +---------+---------+-------+---------+---------+-------
